 Dungeon Crawl Stone Soup version 0.29.1-15-g9cfb28693d (webtiles) character file.

Game seed: 11896528815212434103

18 Mickster the Ducker (level 2, -1/24 HPs)
             Began as a Demigod Gladiator on Feb 28, 2023.
             Slain by a quokka (3 damage)
             ... on level 2 of the Dungeon.
             The game lasted 00:02:52 (511 turns).

Mickster the Ducker (Demigod Gladiator)              Turns: 511, Time: 00:02:52

Health: -1/24      AC:  4    Str: 15    XL:     2   Next: 36%
Magic:  4/4        EV: 12    Int: 10    God:
Gold:   12         SH:  0    Dex: 15    Spells: 1/1 levels left

rFire   . . .      SeeInvis .   a - +0 war axe
rCold   . . .      Faith    .   (no shield)
rNeg    . . .      Spirit   .   b - +0 leather armour
rPois   .          Reflect  .   c - +0 helmet
rElec   .          Harm     .   (no cloak)
rCorr   .          Rampage  .   (no gloves)
Will    .....                   (no boots)
Stlth   +.........              (no amulet)
HPRegen 0.08/turn               (no ring)
MPRegen 0.09/turn               (no ring)

@: no status effects
A: high MP 1, forlorn, divine attributes
a: no special abilities


You were on level 2 of the Dungeon.
You visited 1 branch of the dungeon, and saw 2 of its levels.

You collected 12 gold pieces.

Inventory:

Hand Weapons
 a - a +0 war axe (weapon)
Missiles
 d - 3 throwing nets (quivered)
 e - a javelin
Armour
 b - a +0 leather armour (worn)
 c - a +0 helmet (worn)


   Skills:
 + Level 1.7 Fighting
 + Level 2.8 Axes
 + Level 1.9 Throwing
 + Level 0.1 Armour
 + Level 3.3 Dodging


You had one spell level left.
You didn't know any spells.
Your spell library was empty.

Dungeon Overview and Level Annotations

Branches:
Dungeon (1/15)

Shops:
D:1 ?


Innate Abilities, Weirdness & Mutations

You have an increased reservoir of magic. (+10% MP)
You shall have no god before yourself.
Your divine heritage dramatically boosts your attributes as you level up.


Message History

The adder completely misses you. The giant cockroach barely misses you.
The quokka bites you.
* * * LOW HITPOINT WARNING * * *
The adder bites you but does no damage. The quokka completely misses you.
The giant cockroach closely misses you.
You slash the adder!
You kill the adder!
You hit the quokka.
You completely miss the giant cockroach.
The giant cockroach closely misses you. The quokka misses you.
You have reached level 2!
Unknown command.
As you read the scroll labelled LONIUTEFEI, it crumbles to dust.
It is a scroll of identify.
You don't have any unidentified items.
The quokka barely misses you.
The giant cockroach bites you but does no damage.
The endoplasm barely misses you. The giant cockroach bites you.
* * * LOW HITPOINT WARNING * * *
The giant cockroach closely misses you.
The quokka bites you but does no damage.
Unknown command.
The quokka attacks as you move away! The quokka barely misses you.
The giant cockroach barely misses you.
The giant cockroach attacks as you move away!
The giant cockroach bites you but does no damage.
The quokka attacks as you move away! The quokka closely misses you.
A bat comes into view.
Found a black potion.
The bat closely misses you.
You barely miss the quokka.
The quokka is moderately wounded.
You barely miss the bat. The bat hits you.
* * * LOW HITPOINT WARNING * * *
The quokka barely misses you. The quokka closely misses you.
You closely miss the quokka.
The quokka is moderately wounded.
You barely miss the bat. The bat barely misses you. The quokka bites you.
You die...

##.....## #
..!....# .##
#.......# ...
.......#
#.##.......#
....b..##.##
#......#..##
#@........#
#r#........
#######B#.#......
..$.$.JB#...#.#
#.............#
..#.###.####..# #
#$†.# ..# #)..#
..# ###.. .#


You could see an endoplasm, a quokka, 2 giant cockroaches and a bat.

Vanquished Creatures
  An adder (D:2)
  4 ball pythons
  2 bats (D:1)
  A hobgoblin (D:1)
  A frilled lizard (D:1)
  A rat (D:2)
10 creatures vanquished.

Notes
Turn   | Place    | Note
-------+----------+-------------------------------------------
     0 | D:1      | Mickster the Demigod Gladiator began the quest for the Orb.
     0 | D:1      | Reached XP level 1. HP: 17/17 MP: 3/3
    72 | D:1      | Found Hupnoija's Magic Scroll Shop.
   144 | D:1      | Reached skill level 3 in Dodging
   486 | D:1      | You fall into a shaft and drop 1 floor!
   504 | D:2      | Reached XP level 2. HP: 4/24 MP: 4/4
   511 | D:2      | Slain by a quokka

Illustrated notes

Levels and vault maps discovered:
D:1:      nicolae_arrival_somewhat_less_tricky_arrival, layout_loops_ring,
          serial_shops, shop, nicolae_lakefront_shop, minivault_14
D:2:      layout_rooms, minmay_octomino_c4, uniq_sigmund, uniq_terence,
          uniq_crazy_yiuf_cottage

Skill      XL: |  1 |
---------------+----+-----
Dodging        | 3 |  3.3
Fighting       | |  1.7
Axes           | |  2.8
Throwing       | |  1.9
Armour         | |  0.1

Action                   || total
-------------------------++-------
Melee: War axe           ||    30
       Punch             ||     1
  Use: Scroll            ||     1
 Stab: Sleeping          ||     1
Armor: Leather armour    ||    25
Dodge: Dodged            ||    49
